 Dungeon Crawl Stone Soup version 0.20.1-1-g8b1a95d (webtiles) character file.

770 slep the Shield-Bearer (level 7, 0/82 HPs)
             Began as a Barachi Fighter on Oct 31, 2017.
             Was a Follower of Dithmenos.
             Slain by CountDeLaPain's ghost (6 damage)
             ... in an ossuary.
             The game lasted 00:24:37 (3063 turns).

slep the Shield-Bearer (Barachi Fighter)            Turns: 3063, Time: 00:24:38

Health: 0/82       AC: 27    Str: 18    XL:     7   Next: 83%
Magic:  7/7        EV:  2    Int:  8    God:    Dithmenos [*.....]
Gold:   205        SH: 10    Dex: 13    Spells: 6/6 levels left

rFire    + . .     SeeInvis .   y - +2 whip (freeze)
rCold    + . .     Gourm    .   c - +0 shield
rNeg     + + +     Faith    .   (armour currently unavailable)
rPois    +         Spirit   .   (helmet currently unavailable)
rElec    +         Reflect  .   (cloak currently unavailable)
rCorr    +         Harm     .   (gloves currently unavailable)
MR       .....     NoTele   +   (boots currently unavailable)
Stlth    ++........             (no amulet)
Regen    0.3/turn               n - +4 ring of protection
MPRegen  0.1/turn               J - +3 ring of evasion

@: tree-form (expiring), resistant, hasted, wreathed by umbra, very quick
A: +LOS, swims
a: Renounce Religion


You were in an ossuary.
You worshipped Dithmenos.
Dithmenos was aware of your devotion.
You were hungry.
You were a tree.
You visited 2 branches of the dungeon, and saw 6 of its levels.
You also visited: Ossuary.

You collected 205 gold pieces.

Inventory:

Hand Weapons
 a - a +0 long sword
 d - a +1 dire flail of crushing
 t - a +4 short sword
 u - a +1 dagger of venom
 y - a +2 whip of freezing (weapon)
Missiles
 g - 15 sling bullets
 k - 7 javelins (quivered)
Armour
 b - a +0 scale mail
 c - a +0 shield (worn)
 h - a +2 pair of gloves (melded)
 F - a +3 chain mail of cold resistance (melded)
 N - a +0 ring mail of cold resistance
Jewellery
 n - a +4 ring of protection (left branch)
 p - an uncursed ring of positive energy
 r - a +2 ring of evasion
 H - an uncursed amulet of the gourmand {unknown}
 J - a +3 ring of evasion (right branch)
 L - an uncursed ring of fire {unknown}
Wands
 E - a wand of confusion (13/48)
 M - a wand of polymorph (16/24)
Scrolls
 j - 2 scrolls of enchant weapon {unknown}
 l - 5 scrolls of identify {unknown}
 m - a scroll of random uselessness {unknown}
 o - 3 scrolls of remove curse {unknown}
 q - a scroll of fear {unknown}
 w - a scroll of blinking {unknown}
 G - a scroll of teleportation {unknown}
 K - a scroll of amnesia {unknown}
Potions
 e - a potion of curing {unknown}
 i - a potion of flight
 s - a potion of haste
 v - a potion of lignification
 z - 2 potions of brilliance {unknown}
 B - a potion of resistance
 C - a potion of heal wounds {unknown}
 D - 2 potions of magic
Comestibles
 f - 5 bread rations
 x - a meat ration
 A - 3 royal jellies


   Skills:
 + Level 4.8 Fighting
 + Level 5.8 Long Blades
 + Level 2.9 Maces & Flails
 + Level 0.4 Throwing
 + Level 5.0 Armour
 + Level 2.1 Dodging
 + Level 0.2 Stealth
 + Level 5.8 Shields


You had 6 spell levels left.
You didn't know any spells.

Dungeon Overview and Level Annotations

Branches:
Dungeon (5/15)             Temple (1/1) D:4

Altars:
Ashenzari
Cheibriados
Dithmenos
Elyvilon
Fedhas
Gozag
Hepliaklqana
Kikubaaqudgha
Makhleb
Nemelex Xobeh
Okawaru
Qazlal
Ru
Sif Muna
Trog
Uskayaw
Vehumet
Xom
Yredelemnul
Zin
The Shining One

Annotations:
Ossuary CountDeLaPain's ghost, novice MfGl


Innate Abilities, Weirdness & Mutations

Shadows flee at your approach. (+LOS)
You can swim through water.
((You cover ground slowly.))
((You can hop short distances.))


Message History

CountDeLaPain's ghost is heavily damaged.
CountDeLaPain's ghost barely misses you.
You completely miss CountDeLaPain's ghost.
CountDeLaPain's ghost is heavily damaged.
You hit CountDeLaPain's ghost. You freeze CountDeLaPain's ghost.
CountDeLaPain's ghost is severely damaged.
CountDeLaPain's ghost hits you.
* * * LOW HITPOINT WARNING * * *
You hit CountDeLaPain's ghost. You freeze CountDeLaPain's ghost.
CountDeLaPain's ghost is almost destroyed.
You hit CountDeLaPain's ghost but do no damage.
CountDeLaPain's ghost is almost destroyed.
CountDeLaPain's ghost hits you but does no damage.
You hit CountDeLaPain's ghost. You freeze CountDeLaPain's ghost.
CountDeLaPain's ghost is almost destroyed.
CountDeLaPain's ghost hits you but does no damage.
You closely miss CountDeLaPain's ghost.
CountDeLaPain's ghost is almost destroyed.
CountDeLaPain's ghost hits you.
You die...

..
##'##
#...#
#...##
.....
#...#
#...#
##W..##
#.♣...#
##...##
#...#
##...##
#.....#
##...##
#...#
##'##
#...#


You could see CountDeLaPain's ghost.

Vanquished Creatures
  Edmund (D:5)
  An ogre (D:4)
  The ghost of Janblair101 the Sneak, an amateur SpEn (D:3)
  A howler monkey (D:3)
  2 orc priests
  2 orc wizards (D:5)
  Ijyb (D:3)
  3 worker ants
  3 mummies (Ossuary)
  5 adders
  3 gnolls (D:4)
  An ooze (D:1)
  4 adder zombies
  An adder skeleton (D:4)
  A worm (D:3)
  3 dart slugs
  5 leopard geckos
  9 orcs
  3 ball pythons
  9 bats
  4 giant cockroaches
  6 goblins
  7 hobgoblins
  16 jackals
  9 kobolds
  2 quokkas
  3 frilled lizards
  2 goblin zombies (Ossuary)
  A hobgoblin zombie (Ossuary)
  A jackal zombie (D:5)
  A kobold zombie (Ossuary)
  An orc zombie (Ossuary)
  5 rats
  A rat zombie (Ossuary)
  A butterfly (D:4)
119 creatures vanquished.

Notes
Turn   | Place    | Note
-------+----------+-------------------------------------------
     0 | D:1      | slep the Barachi Fighter began the quest for the Orb.
     0 | D:1      | Reached XP level 1. HP: 18/18 MP: 1/1
   108 | D:1      | Reached XP level 2. HP: 8/25 MP: 2/2
   293 | D:1      | Reached XP level 3. HP: 18/30 MP: 3/3
   869 | D:2      | Reached XP level 4. HP: 33/37 MP: 4/4
  1305 | D:3      | Reached skill level 1 in Dodging
  1305 | D:3      | Reached XP level 5. HP: 28/43 MP: 5/5
  1308 | D:3      | Found a faded altar of an unknown god.
  1470 | D:3      | Noticed Ijyb
  1503 | D:3      | Killed Ijyb
  1503 | D:3      | Reached XP level 6. HP: 48/49 MP: 6/6
  1604 | D:3      | Noticed Janblair101's ghost (amateur SpEn)
  1619 | D:3      | Killed Janblair101's ghost
  1619 | D:3      | Reached skill level 5 in Long Blades
  1933 | D:4      | Reached skill level 5 in Shields
  1949 | D:4      | Reached skill level 1 in Maces & Flails
  1950 | D:4      | Found a staircase to the Ecumenical Temple.
  1993 | Temple   | Entered the Ecumenical Temple
  2104 | Temple   | Became a worshipper of Dithmenos the Shadowed
  2301 | D:4      | Reached XP level 7. HP: 21/55 MP: 7/7
  2443 | D:5      | Entered Level 5 of the Dungeon
  2578 | D:5      | Noticed Edmund
  2592 | D:5      | Killed Edmund
  2592 | D:5      | Reached skill level 5 in Armour
  2926 | D:5      | Found a sand-covered staircase.
  2939 | Ossuary  | Entered an ossuary
  2947 | Ossuary  | Reached * piety under Dithmenos
  2989 | Ossuary  | Noticed CountDeLaPain's ghost (novice MfGl)
  3063 | Ossuary  | Slain by CountDeLaPain's ghost

Skill      XL: |  1  2  3  4  5  6  7 |
---------------+----------------------+-----
Fighting       | 4 |  4.8
Long Blades    | 3 4 5 |  5.8
Shields        | 4 5 |  5.8
Armour         | 4 5 |  5.0
Dodging        | 1 2 |  2.1
Maces & Flails | 2 |  2.9
Throwing       | |  0.4
Stealth        | |  0.2

Action                   |  1- 3 |  4- 6 |  7- 9 || total
-------------------------+-------+-------+-------++-------
Melee: Long sword        |   108 |    86 |   115 ||   309
       Whip              |       |   176 |    57 ||   233
Throw: Javelin           |       |       |     2 ||     2
  Use: Potion            |       |       |     7 ||     7
  Eat: Chunk             |     1 |     5 |     3 ||     9
Armor: Scale mail        |    62 |    66 |       ||   128
       Chain mail        |       |    59 |    81 ||   140
       Skin              |       |       |    11 ||    11
Dodge: Dodged            |    46 |   117 |    76 ||   239
Block: Shield            |    71 |   139 |    97 ||   307
       Rpst.: Long sword |    19 |    17 |    18 ||    54
